 Dungeon Crawl Stone Soup version 0.28.0-53-g5a82cb258f (webtiles) character file.

Game seed: 10982360642168865300

126 DearestLeader the Conjurer (level 4, -7/24 HPs)
             Began as a Deep Elf Conjurer on June 8, 2022.
             Mangled by an orc
             ... wielding a +2 flail of protection
              (9 damage)
             ... on level 3 of the Dungeon.
             The game lasted 00:05:06 (2560 turns).

DearestLeader the Conjurer (Deep Elf Conjurer)      Turns: 2560, Time: 00:05:06

Health: -7/24      AC:  3    Str:  4    XL:     4   Next: 84%
Magic:  0/10       EV: 13    Int: 25    God:
Gold:   56         SH:  0    Dex: 13    Spells: 3/9 levels left

rFire   . . .      SeeInvis .   d - +0 whip
rCold   . . .      Faith    .   (no shield)
rNeg    . . .      Spirit   .   a - +0 robe
rPois   .          Reflect  .   e - +0 helmet
rElec   .          Harm     .   (no cloak)
rCorr   .          Rampage  .   (no gloves)
Will    .....                   (no boots)
Stlth   ++........              (no amulet)
HPRegen 0.08/turn               (no ring)
MPRegen 0.12/turn               (no ring)

@: brilliant
A: no striking features
a: no special abilities


You were on level 3 of the Dungeon.
You visited 1 branch of the dungeon, and saw 3 of its levels.

You collected 56 gold pieces.

Inventory:

Hand Weapons
 b - a +0 short sword
 d - a +0 whip (weapon)
Armour
 a - a +0 robe (worn)
 e - a +0 helmet (worn)
Jewellery
 l - an amulet of guardian spirit
Scrolls
 g - a scroll of brand weapon {unknown}
 i - a scroll of fog {unknown}
 j - 2 scrolls of identify {unknown}
 m - a scroll of amnesia {unknown}
 n - a scroll of noise {unknown}
Potions
 c - a potion of brilliance
 f - a potion of lignification {unknown}
 h - 2 potions of curing {unknown}
 k - a potion of attraction {unknown}


   Skills:
 + Level 3.5 Dodging
 - Level 3.0 Stealth
 - Level 3.0 Spellcasting
 * Level 5.6 Conjurations
 + Level 1.2 Air Magic
 + Level 1.4 Poison Magic


You had 3 spell levels left.
You knew the following spells:

 Your Spells              Type           Power      Damage    Failure   Level
a - Magic Dart            Conj           100%       1d8       1%          1
b - Searing Ray           Conj           96%        2d7       1%          2
c - Mephitic Cloud        Conj/Pois/Air  26%        N/A       10%         3

Your spell library contained the following spells:

 Spells                   Type           Power      Damage    Failure   Level
 Animate Skeleton         Necr           10%        N/A       10%         1
 Pain                     Necr           20%        1d5       10%         1
 Dazzling Flash           Conj/Hex       52%        N/A       10%         3
 Call Imp                 Summ           5%         N/A       16%         2
 Vampiric Draining        Necr           5%         2d6       30%         3
 Fulminant Prism          Conj/Hex       13%        3d9       30%         4
 Iskenderun's Mystic Bla  Conj/Tloc      26%        2d7       30%         4


Dungeon Overview and Level Annotations

Branches:
Dungeon (3/15)

Altars:


Message History

You don't have enough magic to cast this spell.
You hit the orc.
You kill the orc!
You hit the orc but do no damage.
The orc is moderately wounded.
The orc barely misses you.
You hit the orc.
The orc is heavily wounded.
The orc barely misses you.
Casting: Searing Ray (safe; 1% risk of failure)
Confirm with . or Enter, or press ? or * to list all spells.
Aiming: Searing Ray (safe; 1% risk of failure)
Press: ? - help, Shift-Dir - straight line, f - orc
Aim: an orc, wielding a +0 war axe and wearing a +0 leather armour (81% to hit)
The searing ray hits the orc but does no damage.
The orc is heavily wounded.
The searing ray hits the orc.
The orc is almost dead.
The searing ray hits the kobold.
You kill the kobold! (Press . to maintain the ray.)
The orc hits you with a +2 flail of protection!
You see here a +0 hunting sling.
There is an open door here.
The orc hits you with a +2 flail of protection!
Casting: Searing Ray (safe; 1% risk of failure)
Confirm with . or Enter, or press ? or * to list all spells.
Aiming: Searing Ray (safe; 1% risk of failure)
Press: ? - help, Shift-Dir - straight line, f/p - orc
Aim: an orc, wielding a +0 war axe and wearing a +0 leather armour (severely wounded, 81% to hit)
The searing ray misses the orc.
The searing ray hits the orc!
You kill the orc! (Press . to maintain the ray.)
The orc hits you with a +2 flail of protection!
* * * LOW HITPOINT WARNING * * *
Okay, then.
It was a potion of brilliance.
You feel clever all of a sudden.
The orc hits you with a +2 flail of protection!
You die...

#.........#
#.........#
#....(....#
####......#
#......#
####)###
#.# ###o###
#..@..#
#.....#
#..<..#
#.....#
#######


You could see an orc.

Vanquished Creatures
  5 adders (D:2)
  A worm (D:2)
  3 orcs (D:3)
  5 bats
  4 endoplasms
  4 giant cockroaches
  3 goblins
  2 hobgoblins
  A jackal (D:3)
  4 quokkas
  6 ball pythons
  5 frilled lizards
  5 kobolds
  5 rats (D:1)
53 creatures vanquished.

Vanquished Creatures (others)
  An orc wizard (D:3)
1 creature vanquished.

Grand Total: 54 creatures vanquished

Notes
Turn   | Place    | Note
-------+----------+-------------------------------------------
     0 | D:1      | DearestLeader the Deep Elf Conjurer began the quest for the
                  | Orb.
     0 | D:1      | Reached XP level 1. HP: 10/10 MP: 6/6
   379 | D:1      | Reached XP level 2. HP: 15/15 MP: 6/8
   814 | D:1      | Learned a level 2 spell: Searing Ray
  1162 | D:2      | Reached skill level 5 in Conjurations
  1162 | D:2      | Reached XP level 3. HP: 19/19 MP: 3/9
  1166 | D:2      | Learned a level 3 spell: Mephitic Cloud
  1782 | D:2      | Reached XP level 4. HP: 24/24 MP: 5/10
  2034 | D:2      | Reached skill level 1 in Poison Magic
  2484 | D:3      | Reached skill level 1 in Air Magic
  2560 | D:3      | Mangled by an orc

Illustrated notes

Levels and vault maps discovered:
D:1:      heliophobic_arrival_glass_houses, layout_loops_cross,
          hangedman_decor_diamond_cutter
D:2:      layout_loops_corners, serial_bayou_pond_e
D:3:      minmay_razor_zed, layout_basic, amethyst_overflow_temple_binary,
          mainiacjoe_overflow_cross_hatched

Skill      XL: |  1  2  3  4 |
---------------+-------------+-----
Stealth        | 3 |  3.0
Dodging        | 3 |  3.5
Conjurations   | 5 |  5.6
Poison Magic   | 1 |  1.4
Air Magic      | 1 |  1.2
Spellcasting   | |  3.0

Action                   |  1- 3 |  4- 6 || total
-------------------------+-------+-------++-------
Melee: Whip              |    15 |     3 ||    18
       Punch             |     1 |       ||     1
 Cast: Magic Dart        |    69 |    18 ||    87
       Searing Ray       |     3 |     5 ||     8
       Mephitic Cloud    |       |     1 ||     1
  Use: Potion            |       |     1 ||     1
Armor: Robe              |     7 |       ||     7
Dodge: Dodged            |     7 |     4 ||    11
